| TOP OF THE 1ST |
|
Reading Fightin Phils batting - Pitching for Altoona Curve : RHP Matt Decker
|
|
Pitching: RHP Matt Decker
|
|
|
Batting: RHB Steve Jones
|
0-0: Ground out 4-3 (Groundball, 4, EV 85.0 MPH)
|
|
Batting: RHB Chris Myers
|
0-0: Called Strike 0-1: Foul Ball, location: 2F 0-2: Ball 1-2: Ball 2-2: Foul Ball, location: 2F 2-2: Fly out, F9 (Flyball, 9LMF, EV 88.8 MPH)
|
|
Batting: RHB Alan Weller
|
0-0: Called Strike 0-1: Ball 1-1: Swinging Strike 1-2: Strikes out looking
|
| Top of the 1st over - 0 runs, 0 hits, 0 errors, 0 left on base; Reading 0 - Altoona 0 |
| BOTTOM OF THE 1ST |
|
Altoona Curve batting - Pitching for Reading Fightin Phils : LHP Brian Wildrick
|
|
Pitching: LHP Brian Wildrick
|
|
|
Batting: RHB Nelson Ozuna
|
0-0: Fly out, F7 (Line Drive, 78S, EV 95.6 MPH)
|
|
Batting: RHB Chris Pozzi
|
0-0: Called Strike 0-1: Ball 1-1: Ball 2-1: Swinging Strike 2-2: Ball 3-2: Ground out 1-3 (Groundball, 13S, EV 63.8 MPH)
|
|
Batting: RHB Jose Almonte
|
0-0: SINGLE (Line Drive, 7LS, EV 88.8 MPH)
|
|
Batting: RHB Ron Corn
|
0-0: Foul Ball, location: 2F 0-1: Reached on error, E6 (Groundball, 6, EV 80.6 MPH) Jose Almonte to second
|
|
Batting: RHB Killian Jones
|
0-0: Called Strike 0-1: Ball 1-1: Swinging Strike 1-2: Fly out, F9 (Flyball, 9, EV 81.9 MPH)
|
| Bottom of the 1st over - 0 runs, 1 hit, 1 error, 2 left on base; Reading 0 - Altoona 0 |
| TOP OF THE 2ND |
|
Reading Fightin Phils batting - Pitching for Altoona Curve : RHP Matt Decker
|
|
Batting: RHB Zach Downs
|
0-0: Reached on error, E3 (Groundball, 34S, EV 82.5 MPH)
|
|
Batting: LHB Danny Zuniga
|
0-0: Ball 1-0: Foul Ball, location: 2F 1-1: Called Strike 1-2: Strikes out looking
|
|
Batting: RHB Matt McDevitt
|
0-0: Foul Ball, location: 2F 0-1: Called Strike 0-2: Ball 1-2: Ball 2-2: Strikes out swinging
|
|
Batting: RHB Seung-mun Kim
|
0-0: Ball 1-0: Called Strike 1-1: Fly out, F8 (Flyball, 8LXD, EV 93.8 MPH)
|
| Top of the 2nd over - 0 runs, 0 hits, 1 error, 1 left on base; Reading 0 - Altoona 0 |
| BOTTOM OF THE 2ND |
|
Altoona Curve batting - Pitching for Reading Fightin Phils : LHP Brian Wildrick
|
|
Batting: RHB John Goynes
|
0-0: DOUBLE (Flyball, 89D, EV 95.0 MPH)
|
|
Batting: RHB Brian Moore
|
0-0: Fly out, F8 (Line Drive, 8RD, EV 92.5 MPH) Runner from 2nd tags up, SAFE at 3rd with throw by CF
|
|
Batting: RHB Keiji Nakajima
|
0-0: Ground out 6-3 (Groundball, 6M, EV 103.8 MPH) John Goynes scores
|
|
Batting: SHB Jerry Massey
|
0-0: Foul Ball, location: 2F 0-1: Ball 1-1: Fly out, F9 (Flyball, 89S, EV 87.5 MPH)
|
| Bottom of the 2nd over - 1 run, 1 hit, 0 errors, 0 left on base; Reading 0 - Altoona 1 |
| TOP OF THE 3RD |
|
Reading Fightin Phils batting - Pitching for Altoona Curve : RHP Matt Decker
|
|
Batting: LHB Tsuneharu Nishimura
|
0-0: Ball 1-0: Called Strike 1-1: Foul Ball, location: 2F 1-2: Fly out, F8 (Flyball, 8LD, EV 93.8 MPH)
|
|
Batting: RHB Allen Deschamps
|
0-0: Called Strike 0-1: Foul Ball, location: 2F 0-2: Foul Ball, location: 2F 0-2: Ball 1-2: Ball 2-2: Ball 3-2: SINGLE (Groundball, 56D, EV 104.4 MPH)
|
|
Batting: RHB Steve Jones
|
0-0: Ground out 5-3 (Groundball, 56, EV 92.5 MPH) Allen Deschamps to second
|
|
Batting: RHB Chris Myers
|
0-0: Ball 1-0: Ball 2-0: Foul Ball, location: 2F 2-1: SINGLE (Groundball, 25, EV 70.6 MPH) (infield hit) Allen Deschamps to third
|
|
Batting: RHB Alan Weller
|
0-0: Called Strike 0-1: SINGLE (Groundball, 56, EV 95.0 MPH) Allen Deschamps scores Chris Myers to second
|
|
Batting: RHB Zach Downs
|
0-0: Called Strike 0-1: Ball 1-1: Called Strike 1-2: Foul Ball, location: 2F 1-2: Fly out, F8 (Flyball, 8LXD, EV 100.6 MPH)
|
| Top of the 3rd over - 1 run, 3 hits, 0 errors, 2 left on base; Reading 1 - Altoona 1 |
| BOTTOM OF THE 3RD |
|
Altoona Curve batting - Pitching for Reading Fightin Phils : LHP Brian Wildrick
|
|
Batting: RHB Nelson Ozuna
|
0-0: SINGLE (Groundball, 56D, EV 106.2 MPH)
|
|
Batting: RHB Chris Pozzi
|
0-0: Called Strike 0-1: Swinging Strike 0-2: Foul Ball, location: 2F 0-2: Ball 1-2: Strikes out swinging
|
|
Batting: RHB Jose Almonte
|
0-0: Ball 1-0: Ball 2-0: Ball Nelson Ozuna steals 2nd base 3-0: Base on Balls
|
|
Batting: RHB Ron Corn
|
0-0: Called Strike 0-1: Ball 1-1: Called Strike 1-2: Fielders Choice at 2nd, 3-6 (Groundball, 3S, EV 91.2 MPH) Nelson Ozuna to third
|
|
Batting: RHB Killian Jones
|
0-0: 3-RUN HOME RUN (Flyball, 78XD, EV 100.0 MPH), Distance : 386 ft
|
|
Batting: RHB John Goynes
|
0-0: Foul Ball, location: 2F 0-1: Foul Ball, location: 2F 0-2: Ground out 5-3 (Groundball, 56, EV 87.5 MPH)
|
| Bottom of the 3rd over - 3 runs, 2 hits, 0 errors, 0 left on base; Reading 1 - Altoona 4 |
| TOP OF THE 4TH |
|
Reading Fightin Phils batting - Pitching for Altoona Curve : RHP Matt Decker
|
|
Batting: LHB Danny Zuniga
|
0-0: Called Strike 0-1: Ball 1-1: Foul Ball, location: 2F 1-2: Foul Ball, location: 2F 1-2: Ball 2-2: Foul Ball, location: 2F 2-2: Foul Ball, location: 2F 2-2: Ball 3-2: Foul Ball, location: 2F 3-2: Strikes out swinging
|
|
Batting: RHB Matt McDevitt
|
0-0: Ball 1-0: SINGLE (Groundball, 6MD, EV 99.4 MPH)
|
|
Batting: RHB Seung-mun Kim
|
0-0: Called Strike 0-1: Swinging Strike 0-2: Ball 1-2: Strikes out looking
|
|
Batting: LHB Tsuneharu Nishimura
|
0-0: Called Strike 0-1: Swinging Strike 0-2: Ball 1-2: Fly out, F8 (Flyball, 78D, EV 90.6 MPH)
|
| Top of the 4th over - 0 runs, 1 hit, 0 errors, 1 left on base; Reading 1 - Altoona 4 |
| BOTTOM OF THE 4TH |
|
Altoona Curve batting - Pitching for Reading Fightin Phils : LHP Brian Wildrick
|
|
Batting: RHB Brian Moore
|
0-0: Ball 1-0: Ground out 4-3 (Groundball, 4, EV 89.4 MPH)
|
|
Batting: RHB Keiji Nakajima
|
0-0: Ground out 4-3 (Groundball, 4M, EV 85.6 MPH)
|
|
Batting: SHB Jerry Massey
|
0-0: Ball 1-0: Ground out 5-3 (Groundball, 56, EV 88.1 MPH)
|
| Bottom of the 4th over - 0 runs, 0 hits, 0 errors, 0 left on base; Reading 1 - Altoona 4 |
| TOP OF THE 5TH |
|
Reading Fightin Phils batting - Pitching for Altoona Curve : RHP Matt Decker
|
|
Batting: RHB Allen Deschamps
|
0-0: DOUBLE (Flyball, 89XD, EV 98.8 MPH)
|
|
Batting: RHB Steve Jones
|
0-0: Ground out 4-3 (Groundball, 4, EV 86.2 MPH) Allen Deschamps to third
|
|
Batting: RHB Chris Myers
|
0-0: Fly out, F3 (Popup, 3SF, EV 84.4 MPH)
|
|
Batting: RHB Alan Weller
|
0-0: Ball 1-0: Called Strike 1-1: Foul Ball, location: 2F 1-2: Ground out 5-3 (Groundball, 5S, EV 85.6 MPH)
|
| Top of the 5th over - 0 runs, 1 hit, 0 errors, 1 left on base; Reading 1 - Altoona 4 |
| BOTTOM OF THE 5TH |
|
Altoona Curve batting - Pitching for Reading Fightin Phils : LHP Brian Wildrick
|
|
Batting: RHB Nelson Ozuna
|
0-0: Ball 1-0: Ground out 5-3 (Groundball, 56, EV 79.4 MPH)
|
|
Batting: RHB Chris Pozzi
|
0-0: Ball 1-0: Ball 2-0: Swinging Strike 2-1: Swinging Strike 2-2: Foul Ball, location: 2F 2-2: Foul Ball, location: 2F 2-2: Ball 3-2: Ground out 6-3 (Groundball, 6M, EV 101.2 MPH)
|
|
Batting: RHB Jose Almonte
|
0-0: Called Strike 0-1: Fly out, F7 (Line Drive, 78M, EV 95.6 MPH)
|
| Bottom of the 5th over - 0 runs, 0 hits, 0 errors, 0 left on base; Reading 1 - Altoona 4 |
| TOP OF THE 6TH |
|
Reading Fightin Phils batting - Pitching for Altoona Curve : RHP Matt Decker
|
|
Batting: RHB Zach Downs
|
0-0: Called Strike 0-1: Fly out, F9 (Flyball, 89M, EV 86.2 MPH)
|
|
Batting: LHB Danny Zuniga
|
0-0: SINGLE (Groundball, 4MD, EV 103.8 MPH)
|
|
Batting: RHB Matt McDevitt
|
0-0: Ball 1-0: Ball 2-0: Ball 3-0: Called Strike 3-1: Foul Ball, location: 2F 3-2: Base on Balls Danny Zuniga to second
|
|
Batting: RHB Seung-mun Kim
|
0-0: Fielders Choice at 2nd, 3-6 (Groundball, 34, EV 83.1 MPH) Danny Zuniga to third
|
|
Batting: LHB Tsuneharu Nishimura
|
0-0: Foul Ball, location: 2F 0-1: Ball 1-1: Called Strike 1-2: Ball 2-2: Ball 3-2: Strikes out swinging
|
| Top of the 6th over - 0 runs, 1 hit, 0 errors, 2 left on base; Reading 1 - Altoona 4 |
| BOTTOM OF THE 6TH |
|
Altoona Curve batting - Pitching for Reading Fightin Phils : LHP Brian Wildrick
|
|
Batting: RHB Ron Corn
|
0-0: Called Strike 0-1: Foul Ball, location: 2F 0-2: Ground out 4-3 (Groundball, 4, EV 99.4 MPH)
|
|
Batting: RHB Killian Jones
|
0-0: Ball 1-0: Foul Ball, location: 2F 1-1: Called Strike 1-2: Ball 2-2: Foul Ball, location: 2F 2-2: Strikes out swinging
|
|
Batting: RHB John Goynes
|
0-0: Ball 1-0: Ball 2-0: Ball 3-0: Base on Balls
|
|
Batting: RHB Brian Moore
|
0-0: SINGLE (Groundball, 4MD, EV 101.9 MPH) John Goynes to second
|
|
Batting: RHB Keiji Nakajima
|
0-0: Fly out, F9 (Line Drive, 89M, EV 91.9 MPH)
|
| Bottom of the 6th over - 0 runs, 1 hit, 0 errors, 2 left on base; Reading 1 - Altoona 4 |
| TOP OF THE 7TH |
|
Reading Fightin Phils batting - Pitching for Altoona Curve : RHP Matt Decker
|
|
Batting: RHB Allen Deschamps
|
0-0: Called Strike 0-1: Called Strike 0-2: Ball 1-2: Ball 2-2: Foul Ball, location: 2F 2-2: Strikes out swinging
|
|
Pitching: RHP Serguei Rudakovsky
|
|
|
Batting: RHB Steve Jones
|
0-0: Called Strike 0-1: Ground out 4-3 (Groundball, 4, EV 80.0 MPH)
|
|
Batting: RHB Chris Myers
|
0-0: Called Strike 0-1: Ball 1-1: SINGLE (Groundball, 56S, EV 77.5 MPH) (infield hit)
|
|
Batting: RHB Alan Weller
|
0-0: Ball 1-0: Ball 2-0: Called Strike Chris Myers steals 2nd base 2-1: Foul Ball, location: 2F 2-2: Ground out 6-3 (Groundball, 6, EV 92.5 MPH)
|
| Top of the 7th over - 0 runs, 1 hit, 0 errors, 1 left on base; Reading 1 - Altoona 4 |
| BOTTOM OF THE 7TH |
|
Altoona Curve batting - Pitching for Reading Fightin Phils : LHP Brian Wildrick
|
|
Batting: SHB Jerry Massey
|
0-0: Ball 1-0: Ball 2-0: Foul Ball, location: 2F 2-1: Ball 3-1: Base on Balls
|
|
Batting: RHB Nelson Ozuna
|
0-0: Foul Ball, location: 2F 0-1: Foul Ball, location: 2F 0-2: Fielders Choice at 2nd, 6-4 (Groundball, 6, EV 89.4 MPH)
|
|
Batting: RHB Chris Pozzi
|
0-0: Called Strike 0-1: Swinging Strike 0-2: Ball 1-2: Foul Ball, location: 2F 1-2: Ball 2-2: Ball 3-2: Fly out, F5 (Popup, 56, EV 65.6 MPH)
|
|
Pitching: RHP Rome Corona
|
|
|
Batting: RHB Jose Almonte
|
0-0: Ball Nelson Ozuna is caught stealing 2nd base 2-4
|
| Bottom of the 7th over - 0 runs, 0 hits, 0 errors, 0 left on base; Reading 1 - Altoona 4 |
| TOP OF THE 8TH |
|
Reading Fightin Phils batting - Pitching for Altoona Curve : RHP Serguei Rudakovsky
|
|
Pitching: RHP Hugo Rodriguez
|
|
|
Batting: RHB Zach Downs
|
0-0: Ball 1-0: Called Strike 1-1: Foul Ball, location: 2F 1-2: Ball 2-2: Strikes out looking
|
|
Batting: LHB Danny Zuniga
|
0-0: Called Strike 0-1: Called Strike 0-2: Ball 1-2: Foul Ball, location: 2F 1-2: SINGLE (Line Drive, 3D, EV 101.9 MPH)
|
|
Batting: RHB Matt McDevitt
|
0-0: Ball 1-0: Foul Ball, location: 2F 1-1: Foul Ball, location: 2F 1-2: Strikes out swinging
|
|
Batting: LHB Josh George
|
0-0: 2-RUN HOME RUN (Line Drive, 7D, EV 99.4 MPH), Distance : 382 ft
|
|
Batting: LHB Tsuneharu Nishimura
|
0-0: Ball 1-0: Ball 2-0: Ball 3-0: Called Strike 3-1: Called Strike 3-2: Base on Balls
|
|
Pinch Hitting: LHB Rich Kuehne
|
0-0: Ball 1-0: Reached on error, E6 (Groundball, 6, EV 88.1 MPH) Tsuneharu Nishimura to second
|
|
Batting: RHB Steve Jones
|
0-0: Ball 1-0: Ball 2-0: SINGLE (Line Drive, 56, EV 94.4 MPH) Tsuneharu Nishimura to third Rich Kuehne to second Runner from 3rd tries for Home, SAFE, throw by LF to home
|
|
Batting: RHB Chris Myers
|
0-0: Ball 1-0: Ball 2-0: SINGLE (Groundball, 5S, EV 69.4 MPH) (infield hit) Rich Kuehne to third Steve Jones to second
|
|
Batting: RHB Alan Weller
|
0-0: Ball 1-0: Foul Ball, location: 2F 1-1: Ball 2-1: SINGLE (Groundball, 56D, EV 96.2 MPH) Rich Kuehne scores Steve Jones to third Chris Myers to second Runner from 3rd tries for Home, SAFE, throw by LF to home
|
|
Pitching: RHP Doug Rawson
|
|
|
Batting: RHB Zach Downs
|
0-0: Ball 1-0: Ball Wild Pitch! Chris Myers to third Alan Weller to second 2-0: Ball 3-0: Called Strike 3-1: Ground out 1-3 (Groundball, 15S, EV 66.9 MPH)
|
| Top of the 8th over - 5 runs, 5 hits, 1 error, 2 left on base; Reading 6 - Altoona 4 |
| BOTTOM OF THE 8TH |
|
Altoona Curve batting - Pitching for Reading Fightin Phils : RHP Rome Corona
|
|
Now at 3B: Steve Jones
|
|
|
Now at SS: Cory Bonham
|
|
|
Batting: RHB Jose Almonte
|
0-0: Called Strike 0-1: SINGLE (Groundball, 4MS, EV 65.6 MPH) (infield hit)
|
|
Batting: RHB Ron Corn
|
0-0: Swinging Strike 0-1: Ball 1-1: Swinging Strike 1-2: Foul Ball, location: 2F 1-2: Foul Ball, location: 2F 1-2: Strikes out looking
|
|
Batting: RHB Killian Jones
|
0-0: Ball 1-0: Foul Ball, location: 2F 1-1: Ball 2-1: Ball 3-1: Foul Ball, location: 2F 3-2: Strikes out swinging Jose Almonte is caught stealing 2nd base 2-4 Batter strikes out.
|
| Bottom of the 8th over - 0 runs, 1 hit, 0 errors, 0 left on base; Reading 6 - Altoona 4 |
| TOP OF THE 9TH |
|
Reading Fightin Phils batting - Pitching for Altoona Curve : RHP Doug Rawson
|
|
Pitching: RHP Robby Poyfair
|
|
|
Batting: LHB Danny Zuniga
|
0-0: Called Strike 0-1: Ball 1-1: Foul Ball, location: 2F 1-2: Ball 2-2: Ball 3-2: Foul Ball, location: 2F 3-2: Foul Ball, location: 2F 3-2: SINGLE (Groundball, 34D, EV 110.0 MPH)
|
|
Batting: RHB Matt McDevitt
|
0-0: Ball 1-0: Bunted foul 1-1: Bunt missed! 1-2: Fielders Choice at 2nd, 3-6 (Groundball, 3S, EV 78.1 MPH)
|
|
Batting: LHB Josh George
|
0-0: Ball 1-0: Fielders Choice at 2nd, 5-4 (Groundball, 56, EV 91.9 MPH)
|
|
Batting: LHB Tsuneharu Nishimura
|
0-0: Ground out 6-3 (Groundball, 6MS, EV 76.9 MPH)
|
| Top of the 9th over - 0 runs, 1 hit, 0 errors, 1 left on base; Reading 6 - Altoona 4 |
| BOTTOM OF THE 9TH |
|
Altoona Curve batting - Pitching for Reading Fightin Phils : RHP Rome Corona
|
|
Batting: RHB John Goynes
|
0-0: Ball 1-0: SINGLE (Groundball, 5D, EV 95.6 MPH)
|
|
Batting: LHB Jesse Henly
|
0-0: Ball 1-0: Called Strike 1-1: Swinging Strike 1-2: Strikes out swinging
|
|
Batting: RHB Keiji Nakajima
|
0-0: Fly out, F7 (Flyball, 7D, EV 108.8 MPH)
|
|
Batting: SHB Jerry Massey
|
0-0: Ball 1-0: Ball 2-0: Ball 3-0: Base on Balls John Goynes to second
|
|
Batting: RHB Nelson Ozuna
|
0-0: Swinging Strike 0-1: Foul Ball, location: 2F 0-2: Ball 1-2: Ball 2-2: Foul Ball, location: 2F 2-2: Foul Ball, location: 2F 2-2: Strikes out swinging
|
| Bottom of the 9th over - 0 runs, 1 hit, 0 errors, 2 left on base; Reading 6 - Altoona 4 |
|